 Dungeon Crawl Stone Soup version 0.27-a0-899-ge2d0b17c59 (webtiles) character file.

Game seed: 4994290202128056828

39302 robertstho the Eclecticist (level 13, -4/76 HPs)
             Began as a Deep Elf Ice Elementalist on Apr 5, 2021.
             Was an Elder of Sif Muna.
             Slain by a minotaur
             ... wielding a +0 long sword of distortion
              (5 damage)
             ... in a Gauntlet.
             The game lasted 00:41:04 (23836 turns).

robertstho the Eclecticist (DEIE)                  Turns: 23836, Time: 00:41:05

Health: -4/76      AC: 22    Str:  9    XL:     13   Next: 68%
Magic:  28/53      EV: 14    Int: 26    God:    Sif Muna [****..]
Gold:   978        SH:  0    Dex: 15    Spells: 30/45 levels left

rFire    + + +     SeeInvis .   S - +6 quarterstaff "Koll" {speed, rPois rF+++ Will- Stlth+}
rCold    . . .     Faith    .   (shield currently unavailable)
rNeg     . . .     Spirit   .   M - +0 steam dragon scales
rPois    +         Reflect  .   f - +0 helmet
rElec    .         Harm     .   g - +0 cloak
rCorr    .         Rampage  .   b - +0 pair of gloves
Will     +....     NoTele   +   u - +2 pair of boots
Stlth    ++++......             p - amulet of magic regeneration
HPRegen  0.22/turn              J - ring of Zugiupp {rPois Will+ MP+9 Str+4}
MPRegen  0.58/turn              V - ring of magical power

@: ice-armoured, frozen ramparts
A: no striking features
a: Renounce Religion, Channel Magic, Forget Spell, Divine Exegesis


You were in a Gauntlet.
You worshipped Sif Muna.
Sif Muna was greatly pleased with you.
You visited 3 branches of the dungeon, and saw 17 of its levels.
You visited the Abyss 1 time.
You also visited: Gauntlet and Volcano.

You collected 978 gold pieces.

Inventory:

Hand Weapons
 S - the +6 quarterstaff "Koll" (weapon) {speed, rPois rF+++ Will- Stlth+}
   (You found it on level 2 of the Lair of Beasts)

   Attacks with this weapon are significantly faster.
   It renders you almost immune to fire.
   It protects you from poison.
   It decreases your willpower.
   It makes you more stealthy.
 Y - a +2 glaive of flaming
Missiles
 q - a throwing net
 x - a curare-tipped dart
Armour
 b - a +0 pair of gloves (worn)
 f - a +0 helmet (worn)
 g - a +0 cloak (worn)
 u - a +2 pair of boots (worn)
 M - +0 steam dragon scales (worn)
 O - +0 acid dragon scales
 U - a +2 robe of cold resistance
 X - a +2 robe of fire resistance
Jewellery
 a - a +4 ring of slaying
 j - the necklace of Bloodlust {*Rage +Rage Will++ Int-3 Slay+6}
   (You found it in a Gauntlet)

   [amulet of nothing]

   It affects your intelligence (-3).
   It affects your accuracy and damage with ranged weapons and melee attacks
   (+6).
   It lets you go berserk.
   It may make you go berserk in combat.
   It greatly increases your willpower.
 o - a ring of resist corrosion
 p - an amulet of magic regeneration (around neck)
 s - a +4 ring of protection
 t - a +4 ring of evasion
 C - an amulet of reflection
 D - a ring of protection from cold
 G - a ring of wizardry
 J - the ring of Zugiupp (left hand) {rPois Will+ MP+9 Str+4}
   (You found it in a Gauntlet)

   [ring of magical power]

   It affects your strength (+4).
   It protects you from poison.
   It affects your magic capacity (+9).
   It increases your willpower.
 V - a ring of magical power (right hand)
Wands
 A - a wand of digging (8)
 L - a wand of mindburst (16)
Scrolls
 c - 3 scrolls of noise {unknown}
 d - a scroll of amnesia {unknown}
 e - a scroll of vulnerability {unknown}
 h - 4 scrolls of enchant armour {unknown}
 i - 4 scrolls of teleportation
 m - a scroll of summoning {unknown}
 n - 3 scrolls of fog {unknown}
 v - a scroll of blinking {unknown}
 y - 3 scrolls of fear {unknown}
 E - a scroll of enchant weapon {unknown}
 P - a scroll of holy word {unknown}
 Q - 2 scrolls of silence {unknown}
 R - a scroll of torment {unknown}
Potions
 k - 3 potions of attraction
 l - a potion of haste
 r - a potion of brilliance {unknown}
 w - 3 potions of flight
 z - 3 potions of mutation
 B - a potion of ambrosia
 F - a potion of might
 H - 2 potions of lignification
 I - 2 potions of berserk rage
 N - 2 potions of invisibility
 W - a potion of resistance
Miscellaneous
 K - a tin of tremorstones (2/2)


   Skills:
 * Level 7.5 Fighting
 + Level 3.3(3.8) Maces & Flails
 + Level 3.7(4.7) Staves
 + Level 5.7 Dodging
 + Level 5.3 Stealth
 + Level 1.4 Shields
 + Level 0.1 Unarmed Combat
 * Level 16.6 Spellcasting
 + Level 4.4 Conjurations
 + Level 6.4 Summonings
 * Level 13.8 Ice Magic
 * Level 6.4 Invocations


You had 30 spell levels left.
You knew the following spells:

 Your Spells              Type           Power      Damage    Failure   Level
a - Freeze                Ice            100%       1d11      0%          1
b - Frozen Ramparts       Ice            100%       1d12      1%          3
c - Ozocubu's Armour      Ice            76%        N/A       1%          3
d - Hailstorm             Conj/Ice       62%        3d13      1%          4
e - Summon Ice Beast      Ice/Summ       65%        N/A       1%          4

Your spell library contained the following spells:

 Spells                   Type           Power      Damage    Failure   Level
 Magic Dart               Conj           100%       1d8       1%          1
 Call Imp                 Summ           53%        N/A       1%          2
 Ice Form                 Ice/Tmut       55%        N/A       1%          4
 Animate Skeleton         Necr           42%        N/A       2%          1
 Beastly Appendage        Tmut           42%        N/A       2%          1
 Pain                     Necr           84%        1d8       2%          1
 Conjure Flame            Conj/Fire      33%        6-21      2%          3
 Blink                    Tloc           N/A        N/A       3%          2
 Slow                     Hex            21%        N/A       3%          2
 Wereblood                Tmut           21%        N/A       3%          2
 Mephitic Cloud           Conj/Pois/Air  29%        N/A       3%          3
 Metabolic Englaciation   Hex/Ice        27%        N/A       3%          5
 Confusing Touch          Hex            21%        N/A       7%          3
 Gell's Gravitas          Tloc           10%        N/A       7%          3
 Spider Form              Tmut/Pois      10%        N/A       7%          3
 Vampiric Draining        Necr           10%        2d7       7%          3
 Simulacrum               Ice/Necr       27%        N/A       22%         6
 Animate Dead             Necr           10%        N/A       24%         4
 Petrify                  Tmut/Erth      21%        N/A       24%         4
 Agony                    Necr           21%        N/A       54%         5
 Borgnjor's Vile Clutch   Necr/Erth      10%        N/A       54%         5
 Hydra Form               Tmut           10%        N/A       54%         5
 Yara's Violent Unravell  Hex/Tmut       10%        3d6       54%         5
 Death Channel            Necr           10%        N/A       98%         6


Dungeon Overview and Level Annotations

Branches:
Dungeon (10/15)            Temple (1/1) D:7            Lair (6/6) D:8
 Shoals (0/4) Lair:4       Spider (0/4) Lair:4        Slime (0/5) Lair:5
Volcano (visited)         Gauntlet (1/1)
    Orc: D:9-12

Altars:
Ashenzari
Cheibriados
Dithmenos
Elyvilon
Fedhas
Gozag
Hepliaklqana
Kikubaaqudgha
Makhleb
Nemelex Xobeh
Okawaru
Qazlal
Ru
Sif Muna
Trog
Uskayaw
Vehumet
Xom
Yredelemnul
Zin
The Shining One

Annotations:
Gauntlet 8 transporters, 21 runed translucent doors


Message History

Casting: Summon Ice Beast (safe; 1% risk of failure)
Confirm with . or Enter, or press ? or * to list all spells.
Casting: Hailstorm (mildly dangerous; 1% risk of failure)
Press: ? - help, Dir - look around, f - activate A cannonade of hail descends around you!
Your ice beast is unaffected. x2; The hail pelts the minotaur!
The minotaur is lightly wounded.
The minotaur throws a javelin.
The javelin pierces through your ice beast!
The javelin pierces through you!!
Your ice beast barely misses the minotaur.
The minotaur furiously retaliates!
The minotaur headbutts your ice beast!
Your ice beast hits the minotaur.
Your ice beast freezes the minotaur!
Unknown command.
Casting: Hailstorm (mildly dangerous; 1% risk of failure)
Confirm with . or Enter, or press ? or * to list all spells.
Casting: Hailstorm (mildly dangerous; 1% risk of failure)
Press: ? - help, Dir - look around, f - activate A cannonade of hail descends around you!
Your ice beast is unaffected. x2; The hail pelts the minotaur!!
The minotaur is heavily wounded.
Your ice beast disappears in a puff of smoke!
Your ice beast hits the minotaur but does no damage.
Unknown command.
Casting: Hailstorm (mildly dangerous; 1% risk of failure)
Confirm with . or Enter, or press ? or * to list all spells.
Casting: Frozen Ramparts (safe; 1% risk of failure)
Press: ? - help, Dir - look around, f - activate The walls around you are covered in ice.
The wall freezes the minotaur!
The minotaur hits you with a +0 long sword of distortion!!
Space bends around you. The minotaur misses you.
Your ice beast hits the minotaur but does no damage.
Casting: Frozen Ramparts (safe; 1% risk of failure)
Confirm with . or Enter, or press ? or * to list all spells.
A film of ice covers your body!
The wall freezes the minotaur.
The minotaur hits you with a +0 long sword of distortion!!
* * * LOW HITPOINT WARNING * * *
Space bends around you.
You die...

######### #.......# #.#####.#
#.#H #.# #.#. #.# #.#. #.# #.#.
#.# #.#.###.# #.#YH@YY#
#.####### #.....# #####.#
#########.#########
#§§..............≈#
####8.8.8..©.©..8.8.8#### ###
#8##≈...............≈##8# #8#
################################


You could see a minotaur (ally target) and 3 friendly ice beasts.

Vanquished Creatures
  2 hydras
  A two-headed ogre (D:10)
  A dancing weapon (Volcano)
  5 death yaks (Gauntlet)
  4 wizards (Volcano)
  A necromancer (Lair:4)
  4 toenail golems (Volcano)
  7 elephants
  2 merfolk sirens (Lair:4)
  2 black mambas (Lair:1)
  9 cane toads
  Psyche (D:8)
  A rime drake (Lair:6)
  3 komodo dragons
  A merfolk (Lair:4)
  Prince Ribbit (D:8)
  9 blink frogs
  A slime creature (Lair:1)
  A hornet (D:10)
  A shadow (D:10)
  A wraith (D:9)
  A redback (D:10)
  3 wyverns
  20 yaks
  Grum (D:8)
  2 steam dragons (D:7)
  A basilisk (Lair:2)
  An acid dragon (D:10)
  4 water moccasins
  3 orc warriors (D:10)
  An ice beast (D:5)
  A sky beast (D:7)
  2 elephant zombies (Lair:4)
  2 black bears (D:6)
  2 ogres
  3 wolves (D:8)
  A lemure (D:7)
  4 kobold brigands
  Blork the orc (D:4)
  4 bullfrogs
  4 scorpions
  8 killer bees
  A wight (D:10)
  3 hounds
  A basilisk zombie (Lair:4)
  4 centaur zombies (D:9)
  A bullfrog skeleton (D:6)
  5 orc priests
  A gnoll shaman (D:7)
  10 jellies
  A centaur skeleton (D:6)
  3 orc wizards
  A killer bee zombie (D:8)
  2 hound skeletons
  10 gnolls
  5 adders
  An adder skeleton (D:4)
  2 worms
  2 dart slugs
  18 orcs
  4 bats
  14 endoplasms
  A giant cockroach (D:3)
  4 goblins
  4 hobgoblins
  2 jackals (D:1)
  24 kobolds
  4 quokkas
  3 ball pythons
  3 frilled lizards
  4 rats
265 creatures vanquished.

Vanquished Creatures (collateral kills)
  6 hydras
  A boulder beetle (Lair:2)
  Nergalle (Lair:3)
  Pikel (D:7)
  A necromancer (Gauntlet)
  2 oklob plants (Lair:5)
  8 elephants
  A toenail golem (Volcano)
  2 black mambas
  9 cane toads
  A troll (D:9)
  A wind drake (Lair:6)
  2 polar bears
  9 blink frogs
  2 redbacks (Lair:4)
  A shadow (D:10)
  8 yaks
  A wraith (D:10)
  3 wyverns
  A vampire mosquito (D:10)
  An acid dragon (D:10)
  5 water moccasins
  2 orc warriors (D:10)
  A black bear (D:6)
  A necrophage (D:8)
  2 ogres (D:7)
  3 centaurs
  A lemure (D:7)
  A phantom (D:6)
  6 bullfrogs
  A scorpion (Lair:1)
  7 killer bees
  4 electric eels
  7 centaur zombies
  A hound (D:7)
  An orc priest (D:10)
  A jelly (Lair:1)
  3 howler monkey zombies (D:9)
  3 gnolls (D:7)
  4 orcs
  A kobold (D:9)
117 creatures vanquished.

Vanquished Creatures (others)
  A wizard (Volcano)
  A hornet (D:10)
  41 fungi
  83 plants
126 creatures vanquished.

Grand Total: 508 creatures vanquished

Notes
Turn   | Place    | Note
-------+----------+-------------------------------------------
     0 | D:1      | robertstho the Deep Elf Ice Elementalist began the quest
                  | for the Orb.
     0 | D:1      | Reached XP level 1. HP: 10/10 MP: 6/6
   197 | D:1      | Found a faded altar of an unknown god.
   441 | D:1      | Reached XP level 2. HP: 7/15 MP: 5/8
  2480 | D:2      | Reached skill level 5 in Ice Magic
  2480 | D:2      | Reached XP level 3. HP: 5/20 MP: 8/10
  2483 | D:2      | HP: 1/20 [poisoned by an adder]
  3169 | D:3      | Reached XP level 4. HP: 9/24 MP: 6/11
  3171 | D:3      | Reached skill level 4 in Spellcasting
  3328 | D:3      | Learned a level 3 spell: Frozen Ramparts
  3332 | D:3      | Learned a level 3 spell: Ozocubu's Armour
  3337 | D:3      | Learned a level 4 spell: Hailstorm
  4264 | D:4      | Reached skill level 1 in Fighting
  4264 | D:4      | Reached XP level 5. HP: 6/29 MP: 14/14
  4557 | D:4      | Reached skill level 5 in Spellcasting
  5107 | D:4      | Noticed Blork the orc
  5146 | D:4      | Killed Blork the orc
  5491 | D:4      | Reached XP level 6. HP: 34/34 MP: 11/16
  5651 | D:4      | Reached skill level 6 in Spellcasting
  6008 | D:5      | Entered Level 5 of the Dungeon
  6150 | D:5      | You fall into a shaft and drop 3 floors!
  6261 | D:8      | Reached skill level 1 in Maces & Flails
  6263 | D:8      | Reached XP level 7. HP: 19/39 MP: 12/18
  6681 | D:7      | Reached skill level 7 in Spellcasting
  6844 | D:6      | Learned a level 4 spell: Summon Ice Beast
  6862 | D:6      | Reached skill level 1 in Conjurations
  7026 | D:6      | Reached XP level 8. HP: 38/44 MP: 21/21
  7522 | D:6      | Reached skill level 8 in Spellcasting
  7899 | D:5      | Reached skill level 1 in Summonings
  8588 | D:7      | Found a sparkling altar of Nemelex Xobeh.
  8777 | D:7      | Noticed Pikel
  8784 | D:7      | Killed Pikel
  8785 | D:7      | Reached skill level 9 in Spellcasting
  8785 | D:7      | Reached XP level 9. HP: 51/51 MP: 4/24
  8794 | D:7      | Reached skill level 1 in Shields
  9042 | D:7      | Found a staircase to the Ecumenical Temple.
  9121 | Temple   | Entered the Ecumenical Temple
  9596 | D:8      | Found a staircase to the Lair.
  9667 | D:8      | Noticed Prince Ribbit
  9668 | D:8      | Noticed Grum
  9676 | D:8      | Killed Grum
  9686 | D:8      | Killed Prince Ribbit
  9687 | D:8      | Reached skill level 10 in Spellcasting
  9937 | D:8      | Noticed Psyche
  9957 | D:8      | Killed Psyche
 10813 | D:8      | Identified the +2 leather armour of Tomorrow {-Cast +Blink
                  | rF++ Stlth+}
 10962 | D:9      | Reached XP level 10. HP: 58/58 MP: 5/26
 11152 | D:9      | Found a basalt altar of Yredelemnul.
 11306 | D:9      | Reached skill level 5 in Dodging
 11551 | D:9      | Found a shimmering blue altar of Sif Muna.
 11552 | D:9      | Found a snail-covered altar of Cheibriados.
 11553 | D:9      | Found a radiant altar of Vehumet.
 11555 | D:9      | Found a shadowy altar of Dithmenos.
 11556 | D:9      | Found a broken altar of Ashenzari.
 11559 | D:9      | Became a worshipper of Sif Muna the Loreminder
 11656 | D:9      | Reached skill level 11 in Spellcasting
 11931 | D:9      | Found an opulent altar of Gozag.
 12199 | D:10     | Entered Level 10 of the Dungeon
 12232 | D:10     | Paralysed by a hornet for 1 turns
 12234 | D:10     | Reached skill level 10 in Ice Magic
 12239 | D:10     | Reached skill level 1 in Invocations
 12242 | D:10     | Reached skill level 5 in Fighting
 12633 | D:10     | Noticed a death knight
 12637 | D:10     | Reached skill level 5 in Stealth
 12954 | D:10     | Reached * piety under Sif Muna
 13680 | D:10     | Identified the +1 leather armour "Gorath" {Str+3}
 13730 | D:10     | Noticed a sea snake
 13730 | D:10     | Noticed a two-headed ogre
 13731 | D:10     | a sea snake changed into a swamp worm
 13732 | D:10     | Noticed a water nymph
 13732 | D:10     | a swamp worm changed into a water nymph
 13733 | D:10     | Noticed a swamp dragon
 13733 | D:10     | a water nymph changed into a swamp dragon
 13734 | D:10     | Noticed a two-headed ogre
 13734 | D:10     | a swamp dragon changed into a two-headed ogre
 13734 | D:10     | Killed a two-headed ogre
 13735 | D:10     | Reached skill level 12 in Spellcasting
 13735 | D:10     | Reached XP level 11. HP: 64/64 MP: 14/29
 13735 | D:10     | Noticed an anaconda
 13735 | D:10     | a two-headed ogre changed into an anaconda
 13736 | D:10     | an anaconda changed into a tyrant leech
 13740 | D:10     | Noticed a death yak
 13740 | D:10     | a tyrant leech changed into a death yak
 13742 | D:10     | Noticed a catoblepas
 13742 | D:10     | a death yak changed into a catoblepas
 13748 | D:10     | Noticed an alligator snapping turtle
 13748 | D:10     | a catoblepas changed into an alligator snapping turtle
 14060 | Lair:1   | Entered Level 1 of the Lair of Beasts
 14328 | Lair:1   | Noticed a five-headed hydra
 14335 | Lair:1   | Killed a five-headed hydra
 14675 | Lair:1   | Reached ** piety under Sif Muna
 15159 | Lair:2   | Noticed a boulder beetle
 15173 | Lair:2   | Noticed a seven-headed hydra
 15629 | Lair:2   | Reached skill level 13 in Spellcasting
 16071 | Lair:2   | Noticed a six-headed hydra
 16078 | Lair:2   | Killed a six-headed hydra
 16156 | Lair:2   | Killed a seven-headed hydra
 16477 | Lair:2   | Killed a boulder beetle
 16758 | Lair:2   | Identified the +6 quarterstaff "Koll" {speed, rPois rF+++
                  | Will- Stlth+}
 17166 | Lair:3   | Noticed a four-headed hydra
 17171 | Lair:3   | Killed a four-headed hydra
 17172 | Lair:3   | Reached skill level 14 in Spellcasting
 17172 | Lair:3   | Reached XP level 12. HP: 70/70 MP: 16/32
 17226 | Lair:3   | Noticed Nergalle
 17241 | Lair:3   | Killed Nergalle
 17617 | Lair:3   | Reached *** piety under Sif Muna
 17663 | Lair:3   | Reached skill level 1 in Staves
 17663 | Lair:3   | Reached skill level 5 in Summonings
 17866 | Lair:3   | Reached skill level 5 in Invocations
 18475 | Lair:4   | Noticed a five-headed hydra
 18481 | Lair:4   | Killed a five-headed hydra
 18911 | Lair:4   | Reached skill level 15 in Spellcasting
 18939 | Lair:4   | Found a staircase to the Shoals.
 19723 | Lair:4   | Found a hole to the Spider Nest.
 20230 | Lair:5   | Noticed an eight-headed hydra
 20235 | Lair:5   | Noticed a six-headed hydra
 20239 | Lair:5   | Killed an eight-headed hydra
 20243 | Lair:5   | Killed a six-headed hydra
 20258 | Lair:5   | Noticed a seven-headed hydra
 20267 | Lair:5   | Killed a seven-headed hydra
 20268 | Lair:5   | Reached XP level 13. HP: 5/76 MP: 1/34
 20356 | Lair:5   | Found a dark tunnel.
 20364 | Volcano  | Entered a volcano
 20601 | Volcano  | Cast into level 2 of the Abyss (a wizard)
 20760 | Volcano  | Escaped the Abyss
 20854 | Volcano  | Reached skill level 16 in Spellcasting
 21170 | Volcano  | Reached **** piety under Sif Muna
 21804 | Lair:5   | Found a staircase to the Slime Pits.
 22793 | Lair:6   | Entered Level 6 of the Lair of Beasts
 22909 | Lair:6   | Found a gate leading to a gauntlet.
 22918 | Gauntlet | Entered a Gauntlet
 22918 | Gauntlet | Found a transporter.
 22918 | Gauntlet | Found a transporter.
 22918 | Gauntlet | Found a transporter.
 23118 | Gauntlet | Found a transporter.
 23121 | Gauntlet | Found a transporter.
 23131 | Gauntlet | Found a transporter.
 23137 | Gauntlet | Found a transporter.
 23161 | Gauntlet | Found the necklace of Bloodlust {*Rage +Rage Will++ Int-3
                  | Slay+6}
 23197 | Gauntlet | Found a transporter.
 23209 | Gauntlet | Found a transporter.
 23223 | Gauntlet | Found a transporter.
 23225 | Gauntlet | Found a large runed translucent door.
 23226 | Gauntlet | Found a large runed translucent door.
 23227 | Gauntlet | Found a large runed translucent door.
 23227 | Gauntlet | Found a large runed translucent door.
 23227 | Gauntlet | Found a runed translucent door.
 23227 | Gauntlet | Found a runed translucent door.
 23228 | Gauntlet | Found a large runed translucent door.
 23229 | Gauntlet | Found a large runed translucent door.
 23230 | Gauntlet | Found a large runed translucent door.
 23230 | Gauntlet | Found a large runed translucent door.
 23231 | Gauntlet | Found a runed translucent gate.
 23231 | Gauntlet | Found a runed translucent gate.
 23231 | Gauntlet | Found a runed translucent gate.
 23233 | Gauntlet | Found a transporter.
 23242 | Gauntlet | Found a large runed translucent door.
 23242 | Gauntlet | Found a large runed translucent door.
 23243 | Gauntlet | Found a large runed translucent door.
 23244 | Gauntlet | Found a large runed translucent door.
 23248 | Gauntlet | Found a transporter.
 23286 | Gauntlet | Found a large runed translucent door.
 23287 | Gauntlet | Found a large runed translucent door.
 23288 | Gauntlet | Found a large runed translucent door.
 23288 | Gauntlet | Found a large runed translucent door.
 23640 | Gauntlet | Identified the ring of Zugiupp {rPois Will+ MP+9 Str+4}
 23827 | Gauntlet | Identified the amulet "Otywkami" {Spirit *Slow rElec rN+}
 23827 | Gauntlet | Noticed a minotaur
 23836 | Gauntlet | HP: 1/76 [minotaur/+0 long sword of distortion (24)]
 23836 | Gauntlet | Slain by a minotaur

Illustrated notes

Levels and vault maps discovered:
D:1:      sevenhm_arrival_forest_fort_small_3, layout_loops_corners,
          basic_ecumenical_altar, amcnicky_mini_corridor_feature,
          chequers_serial_rivers_large_a
D:2:      layout_loops_cross
D:3:      layout_basic, serial_rivers, chequers_serial_rivers_small_b,
          chequers_serial_rivers_micro_e, chequers_serial_rivers_small_3,
          chequers_serial_rivers_micro_e
D:4:      layout_basic, serial_co_window_serial, co_window_paths_a,
          co_window_corner_a, co_window_paths_a, co_window_of_opportunity_a,
          co_window_cross_1, co_window_paths_a, co_window_corner_a,
          co_window_cross_4, co_window_broadway_c, co_window_cross_3,
          co_window_4corner_a, glass_columns_c, uniq_blork_the_orc
D:5:      layout_basic, st_stairs_10, kennysheep_donut
D:6:      layout_basic
D:7:      layout_rooms, amcnicky_altar_gilded, minmay_temple_entry_nine_rooms,
          sigmund_army, uniq_pikel
D:8:      layout_basic, lair_entry_dummy, chequers_mini_garden,
          uniq_prince_ribbit1, uniq_grum, uniq_psyche
D:9:      layout_long_grid, nicolae_overflow_crystal_walls,
          nicolae_yredelemnul_corpse_copse, grunt_temple_overflow_open
D:10:     nzn_winding_woodlands_stair_cross
          [nzn_winding_woodlands_5x15_split_checker,
          nzn_winding_woodlands_center_garden,
          nzn_winding_woodlands_5x15_sawtooth,
          nzn_winding_woodlands_5x5_checkerboard,
          nzn_winding_woodlands_5x5_three,
          nzn_winding_woodlands_5x15_lazy_stream,
          nzn_winding_woodlands_center_lodge,
          nzn_winding_woodlands_5x15_garden], layout_stronghold,
          nzn_wu_jian_contemplation
Temple:   nicolae_temple_figure_eight
Lair:1:   lemuel_slime, layout_long_grid, infiniplex_staircase_pool
Lair:2:   layout_regular_city, grunt_megastairs_5
Lair:3:   layout_gridlike, lemuel_fruit_tree, uniq_nergalle
Lair:4:   pond_and_an_island_with_a_cottage, layout_loops_ring,
          elwin_shoals_entry_rooms, spider_nest_entry_webs,
          infiniplex_staircase_pool_2
Lair:5:   layout_cave_pods, minmay_slime_entry_oklob_enclosed, serial_bayou,
          serial_bayou_lagoon_a, serial_bayou_ford_a, serial_bayou_pond_e,
          serial_bayou_pond_b, serial_bayou_shore_b,
          lightli_volcano_entry_magma_tube, grunt_megastairs_2
Lair:6:   gammafunk_lair_ancient_temple, layout_regular_city,
          gauntlet_entry_generic
Gauntlet: gammafunk_gauntlet_shortcut [nicolae_gauntlet_arena_grate_2,
          gammafunk_gauntlet_arena_spirals, gammafunk_gauntlet_arena_grid,
          nicolae_gauntlet_swirl, minmay_gauntlet_arena_make_your_own_arena,
          gammafunk_gauntlet_arena_split_x, gauntlet_exit_spiral]

Skill      XL: |  1  2  3  4  5  6  7  8  9 10 11 12 13 |
---------------+----------------------------------------+-----
Ice Magic      | 5 6 8 9 10 12 13 | 13.8
Spellcasting   | 4 5 6 7 9 10 12 14 15 16 | 16.6
Stealth        | 3 4 5 |  5.3
Fighting       | 1 2 3 4 5 6 7 |  7.5
Dodging        | 3 4 5 |  5.7
Maces & Flails | 1 2 3 |  3.3
Conjurations   | 1 2 3 4 |  4.4
Summonings     | 1 2 3 4 5 6 |  6.4
Shields        | 1 |  1.4
Invocations    | 3 4 5 6 |  6.4
Staves         | 3 |  3.7
Unarmed Combat | |  0.1

Action                   |  1- 3 |  4- 6 |  7- 9 | 10-12 | 13-15 || total
-------------------------+-------+-------+-------+-------+-------++-------
Melee: Unarmed           |    27 |       |       |       |       ||    27
       Mace              |    51 |       |       |       |       ||    51
       Whip              |       |    67 |   219 |   137 |       ||   423
       Quarterstaff      |       |       |       |   112 |    43 ||   155
 Cast: Freeze            |    31 |    11 |     5 |    14 |     4 ||    65
       Frozen Ramparts   |       |     7 |    21 |    12 |     8 ||    48
       Ozocubu's Armour  |       |     3 |     1 |     3 |     3 ||    10
       Hailstorm         |       |     2 |    14 |   118 |    67 ||   201
       Summon Ice Beast  |       |       |    22 |   178 |    61 ||   261
Invok: Channel Magic     |       |       |       |     3 |     2 ||     5
  Use: Potion            |       |     2 |       |     4 |     2 ||     8
       Scroll            |       |       |     7 |     5 |     5 ||    17
 Stab: Sleeping          |     7 |     4 |     2 |     1 |       ||    14
       Distracted        |       |       |       |     2 |     2 ||     4
       Invisible         |       |       |       |     1 |       ||     1
Armor: Robe              |    34 |    19 |    84 |       |       ||   137
       Steam dragon scal |       |       |       |   129 |    28 ||   157
Dodge: Dodged            |    78 |    55 |   177 |   323 |    47 ||   680
Block: Other             |       |       |    35 |       |       ||    35
       Reflection        |       |       |     1 |       |       ||     1

Table legend: (Time is in decaauts)
 A = Elapsed time spent in this place.
 B = Non-inter-level travel time spent in this place.
 C = Inter-level travel time spent in this place.
 D = Time resting spent in this place.
 E = Time spent auto-exploring this place.
 F = Levels seen in this place.
 G = Mean time per level.
                   A        B        C        D        E       F      G
               +--------+--------+--------+--------+--------+-----+--------+
         Total |  23876 |  23051 |    825 |   2442 |  17502 |  20 | 1193.8 |
       Dungeon |  13861 |  13358 |    503 |   2000 |   9601 |  10 | 1386.1 |
        Temple |    220 |    207 |     13 |      0 |    207 |   1 |  220.0 |
          Lair |   7940 |   7632 |    308 |     17 |   6640 |   6 | 1323.3 |
         Abyss |    158 |    158 |      0 |     31 |     77 |   1 |  158.0 |
       Volcano |    780 |    780 |      0 |     51 |    573 |   1 |  780.0 |
      Gauntlet |    914 |    914 |      0 |    343 |    402 |   1 |  914.0 |
               +--------+--------+--------+--------+--------+-----+--------+

Top non-repeatable levels by time:
  Lair:4: 1952 daAuts
     D:1: 1895 daAuts
  Lair:2: 1839 daAuts
     D:8: 1809 daAuts
     D:4: 1738 daAuts
     D:9: 1726 daAuts
  Lair:5: 1647 daAuts
     D:3: 1406 daAuts
    D:10: 1386 daAuts
  Lair:3: 1295 daAuts
  Lair:1: 1082 daAuts
     D:7: 1056 daAuts
     D:2: 982 daAuts
     D:5: 966 daAuts
Gauntlet: 914 daAuts
